 Dungeon Crawl Stone Soup version 0.31-b1-20-g67cafac56d (webtiles) character file.

Game seed: 5032616742811682265

37 Esekla the Sneak (level 3, 0/26 HPs)
             Began as an Octopode Delver on Jan 17, 2024.
             Was an Initiate of Gozag.
             Incinerated by a bombardier beetle (4 damage)
             ... with a burning spray
             ... on level 4 of the Dungeon.
             The game lasted 00:05:35 (838 turns).

Esekla the Sneak (Octopode Delver)                   Turns: 838, Time: 00:05:35

Health: 0/26       AC:  1    Str: 11    XL:     3   Next: 39%
Magic:  4/4        EV: 13    Int: 14    God:    Gozag
Gold:   36         SH:  0    Dex: 13    Spells: 3/3 levels left

rFire   . . .        a - +0 falchion
rCold   . . .        (no shield)
rNeg    . . .        (helmet restricted)
rPois   .            (no amulet)
rElec   .            (no ring)
rCorr   .            (no ring)
SInv    .            (no ring)
Will    .....        (no ring)
Stlth   ++           (no ring)
HPRegen 0.24/turn    (no ring)
MPRegen 0.09/turn    (no ring)
                     (no ring)

%: no passive effects
@: on fire, hasted, glowing, very quick
A: almost no armour, amphibious, 8 rings, camouflage 1, gelatinous body 1,
(nimble swimmer 1), tentacles
a: Renounce Religion, Potion Petition, Call Merchant, Bribe Branch


You were on level 4 of the Dungeon.
You worshipped Gozag.
Gozag was noncommittal.
You visited 2 branches of the dungeon, and saw 3 of its levels.

You collected 51 gold pieces.
You paid 15 gold pieces to Gozag.

Inventory:

Hand Weapons
 a - a +0 falchion (weapon)
Wands
 c - a wand of acid (14)
 f - a wand of digging (2)
Scrolls
 b - a scroll of fog
 k - a scroll of identify {unknown}
Potions
 d - a potion of curing {unknown}
 h - a potion of ambrosia {unknown}


   Skills:
 * Level 3.2 Fighting
 * Level 2.2 Long Blades
 * Level 2.2 Dodging
 + Level 7.2 Stealth
 * Level 0.7 Spellcasting


You had 3 spell levels left.
You didn't know any spells.
Your spell library was empty.

Dungeon Overview and Level Annotations

Branches:
Dungeon (5/15)             Temple (1/1) D:5

Altars:
Ashenzari
Dithmenos
Elyvilon
Fedhas
Gozag
Hepliaklqana
Makhleb
Nemelex Xobeh
Okawaru
Ru
Sif Muna
Uskayaw
Vehumet
Wu Jian
Yredelemnul
The Shining One


Innate Abilities, Weirdness & Mutations

You cannot wear most types of armour.
You are amphibious.
You can wear up to eight rings at the same time.
Your skin changes colour to match your surroundings (Stealth+).
Your rubbery body absorbs attacks. (AC +1, EV +1)
((You are camouflaged when in or above water. (Stealth+)))
You have tentacles for arms and can constrict up to eight enemies at once.


Message History

An ogre comes into view. It is wielding a +0 giant club.
A bombardier beetle comes into view.
A bombardier beetle and 2 ufetubi come into view.
Found 7 gold pieces.
The ufetubus shouts! x2
You feel yourself speed up.
Found 8 gold pieces.
Found a stone staircase leading up.
The ufetubus hits you. x2
The iguana hisses menacingly.
The ufetubus attacks as it pursues you! The ufetubus hits you.
The ufetubus hits you but does no damage.
The ufetubus misses you. The ufetubus barely misses you.
The ufetubus attacks as it pursues you! The ufetubus hits you.
The ufetubus barely misses you. The ufetubus attacks as it pursues you!
The ufetubus hits you. The ufetubus barely misses you.
The ufetubus attacks as it pursues you! The ufetubus barely misses you.
The ufetubus closely misses you. The ufetubus attacks as it pursues you!
The ufetubus hits you. x2
The ufetubus slips past you! The ufetubus barely misses you.
The ufetubus hits you.
* * * LOW HITPOINT WARNING * * *
The ogre shouts!
There is a stone staircase leading up here.
The ogre closely misses you. The ufetubus closely misses you.
The ufetubus barely misses you. The ufetubus completely misses you.
The ufetubus hits you.
* * * LOW HITPOINT WARNING * * *
You climb upwards.
Found a leather armour.
Found a stone staircase leading down.
There is a stone staircase leading down here.
The ufetubus barely misses you. The ufetubus misses you.
The bombardier beetle sprays incendiary fluid at you.
The burning spray hits you.
You are covered in liquid fire!
The ufetubus attacks as it pursues you! The ufetubus misses you.
The ufetubus hits you.
* * * LOW HITPOINT WARNING * * *
You shake off some of the fire as you move.
The liquid fire burns you!
You die...
Your body crumbles into a pile of gold.

###########
#........O#
#>......5.#
.......B.5#
.w.....@..#
..........#
.###.######
#. #


You could see an ogre, a ribbon worm (asleep), a bombardier beetle and 2
ufetubi.

Vanquished Creatures
  2 adders (D:5)
  2 ufetubi (D:5)
  A dart slug (D:5)
  An orc (D:5)
  2 quokkas (D:5)
8 creatures vanquished.

Notes
Turn   | Place    | Note
-------+----------+-------------------------------------------
     0 | D:5      | Esekla the Octopode Delver began the quest for the Orb.
     0 | D:5      | Reached XP level 1. HP: 16/16 MP: 1/1
   119 | D:5      | Reached XP level 2. HP: 21/21 MP: 2/2
   121 | D:5      | Reached skill level 7 in Stealth
   124 | D:5      | Found a staircase to the Ecumenical Temple.
   130 | Temple   | Entered the Ecumenical Temple
   166 | D:5      | Reached XP level 3. HP: 26/26 MP: 2/4
   212 | D:5      | Noticed a gnoll sergeant
   661 | Temple   | Became a worshipper of Gozag Ym Sagoz the Greedy
   820 | D:5      | Noticed an ogre
   838 | D:4      | Incinerated by a bombardier beetle

Illustrated notes

Levels and vault maps discovered:
D:4:      layout_rooms, kennysheep_mini, uniq_pikel
D:5:      layout_basic, minmay_temple_entry_fiery
Temple:   eino_temple_scatter_basement

Skill      XL: |  1  2 |
---------------+-------+-----
Stealth        | 7 |  7.2
Fighting       | |  3.2
Long Blades    | |  2.2
Dodging        | |  2.2
Spellcasting   | |  0.7

Action                     || total
---------------------------++-------
  Melee: Falchion          ||    14
         Constrict         ||     5
         Tentacles         ||     4
  Evoke: Wand              ||     1
    Use: Scroll            ||     5
         Potion            ||     1
   Stab: Sleeping          ||     1
 Armour: Skin              ||    19
  Dodge: Dodged            ||    24
